| TOP OF THE 1ST |
|
Philadelphia Phillies batting - Pitching for Montreal Expos : LHP Mark W Davis
|
|
Pitching: LHP Mark W Davis
|
|
|
Batting: RHB Paul Molitor
|
0-0: Ball 1-0: Ball 2-0: Called Strike 2-1: Swinging Strike 2-2: Fly out, F7 (Line Drive, 7, EV 93.1 MPH)
|
|
Batting: RHB Andy Ramirez
|
0-0: Ground out 5-3 (Groundball, 56, EV 104.4 MPH)
|
|
Batting: LHB Tony Gwynn
|
0-0: Called Strike 0-1: Ball 1-1: Ground out 6-3 (Groundball, 6, EV 102.5 MPH)
|
| Top of the 1st over - 0 runs, 0 hits, 0 errors, 0 left on base; Philadelphia 0 - Montreal 0 |
| BOTTOM OF THE 1ST |
|
Montreal Expos batting - Pitching for Philadelphia Phillies : LHP Larry McWilliams
|
|
Pitching: LHP Larry McWilliams
|
|
|
Batting: LHB Duane Walker
|
0-0: Foul Ball, location: 2F 0-1: Ball 1-1: Called Strike 1-2: Foul Ball, location: 2F 1-2: Fly out, F9 (Flyball, 9LD, EV 103.8 MPH)
|
|
Batting: SHB Garry Templeton
|
0-0: Reached on error, E6 (Groundball, 6, EV 102.5 MPH)
|
|
Batting: RHB Dale Murphy
|
0-0: Swinging Strike 0-1: Ball 1-1: Ball 2-1: Ball 3-1: SINGLE (Groundball, 3D, EV 103.1 MPH) Garry Templeton to second Runner from 2nd tries for 3rd, SAFE, throw by RF made to third
|
|
Batting: LHB Guonçalo Fernandes
|
0-0: Called Strike 0-1: Called Strike 0-2: Ball 1-2: Ball 2-2: Foul Ball, location: 2F 2-2: Strikes out swinging
|
|
Batting: RHB Luis Sanchez
|
0-0: Ball 1-0: Foul Ball, location: 2F 1-1: Ball 2-1: Ball 3-1: Fly out, F9 (Flyball, 89M, EV 95.6 MPH)
|
| Bottom of the 1st over - 0 runs, 1 hit, 1 error, 2 left on base; Philadelphia 0 - Montreal 0 |
| TOP OF THE 2ND |
|
Philadelphia Phillies batting - Pitching for Montreal Expos : LHP Mark W Davis
|
|
Batting: RHB Candy Maldonado
|
0-0: Swinging Strike 0-1: Foul Ball, location: 2F 0-2: Foul Ball, location: 2F 0-2: Ball 1-2: Ground out 5-3 (Groundball, 56S, EV 63.8 MPH)
|
|
Batting: LHB Ken Phelps
|
0-0: Ball 1-0: Ball 2-0: Foul Ball, location: 2F 2-1: Fly out, F8 (Flyball, 78M, EV 95.0 MPH)
|
|
Batting: RHB Jody Davis
|
0-0: Called Strike 0-1: Called Strike 0-2: Ball 1-2: Foul Ball, location: 2F 1-2: Strikes out swinging
|
| Top of the 2nd over - 0 runs, 0 hits, 0 errors, 0 left on base; Philadelphia 0 - Montreal 0 |
| BOTTOM OF THE 2ND |
|
Montreal Expos batting - Pitching for Philadelphia Phillies : LHP Larry McWilliams
|
|
Batting: SHB Alex Ortiz
|
0-0: Ball 1-0: Ground out 5-3 (Groundball, 56S, EV 70.6 MPH)
|
|
Batting: LHB Ernesto Quevedo
|
0-0: Foul Ball, location: 2F 0-1: Ball 1-1: Fly out, F7 (Flyball, 78S, EV 85.6 MPH)
|
|
Batting: SHB Biff Pocoroba
|
0-0: Called Strike 0-1: Foul Ball, location: 2F 0-2: Fly out, F6 (Line Drive, 6, EV 68.1 MPH)
|
| Bottom of the 2nd over - 0 runs, 0 hits, 0 errors, 0 left on base; Philadelphia 0 - Montreal 0 |
| TOP OF THE 3RD |
|
Philadelphia Phillies batting - Pitching for Montreal Expos : LHP Mark W Davis
|
|
Batting: LHB Lou Whitaker
|
0-0: Foul Ball, location: 2F 0-1: Called Strike 0-2: Ball 1-2: Foul Ball, location: 2F 1-2: Foul Ball, location: 2F 1-2: Ground out 4-3 (Groundball, 4, EV 85.6 MPH)
|
|
Batting: LHB Andy Guerrero
|
0-0: Ball 1-0: Foul Ball, location: 2F 1-1: Foul Ball, location: 2F 1-2: Fly out, F9 (Line Drive, 9D, EV 92.5 MPH)
|
|
Batting: LHB Larry McWilliams
|
0-0: Called Strike 0-1: Ball 1-1: Foul Ball, location: 2F 1-2: Strikes out looking
|
| Top of the 3rd over - 0 runs, 0 hits, 0 errors, 0 left on base; Philadelphia 0 - Montreal 0 |
| BOTTOM OF THE 3RD |
|
Montreal Expos batting - Pitching for Philadelphia Phillies : LHP Larry McWilliams
|
|
Batting: LHB Mark W Davis
|
0-0: Foul Ball, location: 2F 0-1: Foul Ball, location: 2F 0-2: TRIPLE (Flyball, 8RXD, EV 89.4 MPH)
|
|
Batting: LHB Duane Walker
|
0-0: Ball 1-0: Ball Wild Pitch! Mark W Davis scores 2-0: Ball 3-0: Called Strike 3-1: Foul Ball, location: 2F 3-2: Ground out U3 (Groundball, 34, EV 103.8 MPH)
|
|
Batting: SHB Garry Templeton
|
0-0: Foul Ball, location: 2F 0-1: Swinging Strike 0-2: Foul Ball, location: 2F 0-2: Strikes out swinging
|
|
Batting: RHB Dale Murphy
|
0-0: Called Strike 0-1: Ball 1-1: Foul Ball, location: 2F 1-2: Fly out, F7 (Flyball, 78M, EV 85.6 MPH)
|
| Bottom of the 3rd over - 1 run, 1 hit, 0 errors, 0 left on base; Philadelphia 0 - Montreal 1 |
| TOP OF THE 4TH |
|
Philadelphia Phillies batting - Pitching for Montreal Expos : LHP Mark W Davis
|
|
Batting: RHB Paul Molitor
|
0-0: Called Strike 0-1: Ground out 5-3 (Groundball, 56, EV 100.0 MPH)
|
|
Batting: RHB Andy Ramirez
|
0-0: Swinging Strike 0-1: Ball 1-1: Ball 2-1: Ball 3-1: Called Strike 3-2: Reached on error, E6 (Groundball, 6, EV 103.8 MPH)
|
|
Batting: LHB Tony Gwynn
|
0-0: Foul Ball, location: 2F 0-1: Ball 1-1: Called Strike 1-2: Fly out, F7 (Flyball, 78S, EV 89.4 MPH)
|
|
Batting: RHB Candy Maldonado
|
0-0: Fly out, F9 (Flyball, 9LM, EV 85.0 MPH)
|
| Top of the 4th over - 0 runs, 0 hits, 1 error, 1 left on base; Philadelphia 0 - Montreal 1 |
| BOTTOM OF THE 4TH |
|
Montreal Expos batting - Pitching for Philadelphia Phillies : LHP Larry McWilliams
|
|
Batting: LHB Guonçalo Fernandes
|
0-0: Foul Ball, location: 2F 0-1: Ball 1-1: Ball 2-1: Called Strike 2-2: Foul Ball, location: 2F 2-2: Ball 3-2: Fly out, F8 (Flyball, 89M, EV 85.0 MPH)
|
|
Batting: RHB Luis Sanchez
|
0-0: Called Strike 0-1: SINGLE (Groundball, 56D, EV 108.1 MPH)
|
|
Batting: SHB Alex Ortiz
|
0-0: Ball 1-0: SINGLE (Groundball, 56D, EV 98.8 MPH) Luis Sanchez to second
|
|
Batting: LHB Ernesto Quevedo
|
0-0: Ball Luis Sanchez steals 3rd base Alex Ortiz to second 1-0: Ball 2-0: Swinging Strike 2-1: Foul Ball, location: 2F 2-2: Ball 3-2: DOUBLE (Line Drive, 78XD, EV 105.0 MPH) Luis Sanchez scores Alex Ortiz scores
|
|
Batting: SHB Biff Pocoroba
|
0-0: Called Strike 0-1: Ball 1-1: Called Strike 1-2: Fly out, F9 (Flyball, 9, EV 83.1 MPH) Runner from 2nd tags up, SAFE at 3rd with throw by RF
|
|
Batting: LHB Mark W Davis
|
0-0: Foul Ball, location: 2F 0-1: Ball 1-1: Swinging Strike 1-2: Foul Ball, location: 2F 1-2: Strikes out swinging
|
| Bottom of the 4th over - 2 runs, 3 hits, 0 errors, 1 left on base; Philadelphia 0 - Montreal 3 |
| TOP OF THE 5TH |
|
Philadelphia Phillies batting - Pitching for Montreal Expos : LHP Mark W Davis
|
|
Batting: LHB Ken Phelps
|
0-0: Ball 1-0: Foul Ball, location: 2F 1-1: Ground out U3 (Groundball, 34S, EV 82.5 MPH)
|
|
Batting: RHB Jody Davis
|
0-0: Foul Ball, location: 2F 0-1: Ground out 4-3 (Groundball, 13, EV 78.1 MPH)
|
|
Batting: LHB Lou Whitaker
|
0-0: Called Strike 0-1: Fly out, F2 (Popup, 5SF, EV 82.5 MPH)
|
| Top of the 5th over - 0 runs, 0 hits, 0 errors, 0 left on base; Philadelphia 0 - Montreal 3 |
| BOTTOM OF THE 5TH |
|
Montreal Expos batting - Pitching for Philadelphia Phillies : LHP Larry McWilliams
|
|
Batting: LHB Duane Walker
|
0-0: Fly out, F8 (Flyball, 8LS, EV 88.1 MPH)
|
|
Batting: SHB Garry Templeton
|
0-0: Called Strike 0-1: Ball 1-1: Ball 2-1: Ground out 5-3 (Groundball, 56, EV 88.1 MPH)
|
|
Batting: RHB Dale Murphy
|
0-0: Called Strike 0-1: Ball 1-1: Foul Ball, location: 2F 1-2: Strikes out swinging
|
| Bottom of the 5th over - 0 runs, 0 hits, 0 errors, 0 left on base; Philadelphia 0 - Montreal 3 |
| TOP OF THE 6TH |
|
Philadelphia Phillies batting - Pitching for Montreal Expos : LHP Mark W Davis
|
|
Batting: LHB Andy Guerrero
|
0-0: Called Strike 0-1: Ground out 2-3 (Groundball, 13S, EV 68.8 MPH)
|
|
Batting: LHB Larry McWilliams
|
0-0: Ball 1-0: Called Strike 1-1: Swinging Strike 1-2: Foul Ball, location: 2F 1-2: Ball 2-2: Strikes out swinging
|
|
Batting: RHB Paul Molitor
|
0-0: Called Strike 0-1: Ball 1-1: Foul Ball, location: 2F 1-2: Ball 2-2: Ball 3-2: Foul Ball, location: 2F 3-2: Fly out, F7 (Flyball, 7S, EV 87.5 MPH)
|
| Top of the 6th over - 0 runs, 0 hits, 0 errors, 0 left on base; Philadelphia 0 - Montreal 3 |
| BOTTOM OF THE 6TH |
|
Montreal Expos batting - Pitching for Philadelphia Phillies : LHP Larry McWilliams
|
|
Batting: LHB Guonçalo Fernandes
|
0-0: Foul Ball, location: 2F 0-1: DOUBLE (Line Drive, 78D, EV 107.5 MPH)
|
|
Batting: RHB Luis Sanchez
|
0-0: Ball 1-0: Swinging Strike 1-1: Hit by Pitch
|
|
Batting: SHB Alex Ortiz
|
0-0: Ball 1-0: Called Strike 1-1: Fielders Choice at 2nd, 5-4 (Groundball, 5, EV 85.0 MPH) Guonçalo Fernandes to third
|
|
Batting: LHB Ernesto Quevedo
|
0-0: Ball 1-0: Hit by Pitch Alex Ortiz to second
|
|
Batting: SHB Biff Pocoroba
|
0-0: Grounds into fielders choice 6-2 (Groundball, 6S, EV 80.0 MPH) Alex Ortiz to third Ernesto Quevedo to second
|
|
Batting: LHB Mark W Davis
|
0-0: Ball 1-0: Ball 2-0: Called Strike 2-1: Fly out, F5 (Popup, 25, EV 89.4 MPH)
|
| Bottom of the 6th over - 0 runs, 1 hit, 0 errors, 3 left on base; Philadelphia 0 - Montreal 3 |
| TOP OF THE 7TH |
|
Philadelphia Phillies batting - Pitching for Montreal Expos : LHP Mark W Davis
|
|
Batting: RHB Andy Ramirez
|
0-0: Ball 1-0: Ball 2-0: Ground out 2-3 (Groundball, 15S, EV 64.4 MPH)
|
|
Batting: LHB Tony Gwynn
|
0-0: Called Strike 0-1: Called Strike 0-2: Fly out, F6 (Popup, 4MD, EV 65.6 MPH)
|
|
Batting: RHB Candy Maldonado
|
0-0: Ball 1-0: Called Strike 1-1: Foul Ball, location: 2F 1-2: Strikes out swinging
|
| Top of the 7th over - 0 runs, 0 hits, 0 errors, 0 left on base; Philadelphia 0 - Montreal 3 |
| BOTTOM OF THE 7TH |
|
Montreal Expos batting - Pitching for Philadelphia Phillies : LHP Larry McWilliams
|
|
Batting: LHB Duane Walker
|
0-0: Ball 1-0: Swinging Strike 1-1: Called Strike 1-2: Fly out, F5 (Popup, 5SF, EV 80.6 MPH)
|
|
Batting: SHB Garry Templeton
|
0-0: Ball 1-0: Ball 2-0: Called Strike 2-1: Ground out 2-3 (Groundball, 15S, EV 66.9 MPH)
|
|
Batting: RHB Dale Murphy
|
0-0: SOLO HOME RUN (Flyball, 7D, EV 93.8 MPH), Distance : 389 ft
|
|
Batting: LHB Guonçalo Fernandes
|
0-0: Called Strike 0-1: Ball 1-1: Ball 2-1: Fly out, F7 (Flyball, 7, EV 86.9 MPH)
|
| Bottom of the 7th over - 1 run, 1 hit, 0 errors, 0 left on base; Philadelphia 0 - Montreal 4 |
| TOP OF THE 8TH |
|
Philadelphia Phillies batting - Pitching for Montreal Expos : LHP Mark W Davis
|
|
Batting: LHB Ken Phelps
|
0-0: Foul Ball, location: 2F 0-1: Foul Ball, location: 2F 0-2: Ball 1-2: Foul Ball, location: 2F 1-2: Ball 2-2: Foul Ball, location: 2F 2-2: Ball 3-2: Strikes out swinging
|
|
Batting: RHB Jody Davis
|
0-0: Ball 1-0: Swinging Strike 1-1: Fly out, F9 (Line Drive, 9LS, EV 108.1 MPH)
|
|
Batting: LHB Lou Whitaker
|
0-0: Foul Ball, location: 2F 0-1: Ball 1-1: Fly out, F7 (Flyball, 78XD, EV 86.9 MPH)
|
| Top of the 8th over - 0 runs, 0 hits, 0 errors, 0 left on base; Philadelphia 0 - Montreal 4 |
| BOTTOM OF THE 8TH |
|
Montreal Expos batting - Pitching for Philadelphia Phillies : LHP Larry McWilliams
|
|
Batting: RHB Luis Sanchez
|
0-0: Foul Ball, location: 2F 0-1: Ground out 6-3 (Groundball, 56, EV 80.0 MPH)
|
|
Batting: SHB Alex Ortiz
|
0-0: Swinging Strike 0-1: SINGLE (Line Drive, 89S, EV 106.3 MPH)
|
|
Batting: LHB Ernesto Quevedo
|
0-0: Foul Ball, location: 2F 0-1: Foul Ball, location: 2F 0-2: Strikes out swinging
|
|
Batting: SHB Biff Pocoroba
|
0-0: Ball 1-0: Called Strike Alex Ortiz steals 2nd base 1-1: Fly out, F7 (Flyball, 7LD, EV 98.8 MPH)
|
| Bottom of the 8th over - 0 runs, 1 hit, 0 errors, 1 left on base; Philadelphia 0 - Montreal 4 |
| TOP OF THE 9TH |
|
Philadelphia Phillies batting - Pitching for Montreal Expos : LHP Mark W Davis
|
|
Batting: LHB Andy Guerrero
|
0-0: Foul Ball, location: 2F 0-1: Called Strike 0-2: Ball 1-2: Ball 2-2: Ground out 4-3 (Groundball, 4, EV 106.9 MPH)
|
|
Pinch Hitting: RHB Tony Pena
|
0-0: Ball 1-0: Ball 2-0: Called Strike 2-1: Foul Ball, location: 2F 2-2: Foul Ball, location: 2F 2-2: Ball 3-2: Foul Ball, location: 2F 3-2: Foul Ball, location: 2F 3-2: Strikes out swinging
|
|
Batting: RHB Paul Molitor
|
0-0: Ball 1-0: Ball 2-0: Ball 3-0: Called Strike 3-1: SINGLE (Groundball, 6D, EV 97.5 MPH)
|
|
Batting: RHB Andy Ramirez
|
0-0: Swinging Strike 0-1: Ball 1-1: Foul Ball, location: 2F 1-2: Foul Ball, location: 2F 1-2: Foul Ball, location: 2F 1-2: Foul Ball, location: 2F 1-2: Fielders Choice at 2nd, 6-4 (Groundball, 6, EV 81.9 MPH)
|
| Top of the 9th over - 0 runs, 1 hit, 0 errors, 1 left on base; Philadelphia 0 - Montreal 4 |
|